 Dungeon Crawl Stone Soup version 0.29.1-1-gd02db6906a (webtiles) character file.

Game seed: 12913668241669428137

1319 nshep25 the Cleaver (level 8, -5/70 HPs)
             Began as a Minotaur Fighter on Oct 20, 2022.
             Was a Follower of the Shining One.
             Slain by an orc warrior
             ... wielding a +0 halberd
              (14 damage)
             ... on level 7 of the Dungeon.
             The game lasted 00:11:58 (5361 turns).

nshep25 the Cleaver (Minotaur Fighter)              Turns: 5361, Time: 00:11:58

Health: -5/70      AC: 12    Str: 24    XL:     8   Next: 33%
Magic:  7/7        EV:  7    Int:  5    God:    the Shining One [*.....]
Gold:   109        SH: 12    Dex:  9    Spells: 7/7 levels left

rFire   . . .      SeeInvis .   a - +0 war axe
rCold   . . .      Faith    .   D - +0 tower shield
rNeg    . . .      Spirit   .   w - +0 plate armour
rPois   .          Reflect  .   (helmet restricted)
rElec   .          Harm     .   (no cloak)
rCorr   +          Rampage  .   (no gloves)
Will    .....                   (no boots)
Stlth   ..........              (no amulet)
HPRegen 0.21/turn               y - +4 ring of evasion
MPRegen 0.10/turn               B - ring of resist corrosion

@: glowing
A: horns 2, retaliatory headbutt
a: Renounce Religion, Divine Shield


You were on level 7 of the Dungeon.
You worshipped the Shining One.
The Shining One was aware of your devotion.
You visited 2 branches of the dungeon, and saw 8 of its levels.

You collected 411 gold pieces.
You spent 302 gold pieces at shops.

Inventory:

Hand Weapons
 a - a +0 war axe (weapon)
Missiles
 t - 5 boomerangs (quivered)
Armour
 b - a +0 scale mail
 c - a +0 buckler
 l - a +0 chain mail
 w - a +0 plate armour (worn)
 D - a +0 tower shield (worn)
Jewellery
 y - a +4 ring of evasion (left hand)
 B - a ring of resist corrosion (right hand)
Wands
 o - a wand of roots (5)
 u - a wand of flame (17)
 A - a wand of digging (8)
Scrolls
 e - a scroll of brand weapon {unknown}
 k - 2 scrolls of enchant weapon {unknown}
 m - a scroll of immolation {unknown}
 n - 2 scrolls of teleportation {unknown}
 p - a scroll of amnesia {unknown}
 q - a scroll of poison {unknown}
 v - 3 scrolls of magic mapping {unknown}
 x - a scroll of acquirement {unknown}
 C - a scroll of silence {unknown}
 F - 2 scrolls of blinking
Potions
 d - 2 potions of might
 f - a potion of invisibility {unknown}
 g - 2 potions of magic
 h - 3 potions of curing
 i - a potion of heal wounds
 j - a potion of flight
 r - a potion of cancellation
 s - a potion of resistance {unknown}
 z - a potion of attraction {unknown}
 E - a potion of haste {unknown}


   Skills:
 + Level 5.7 Fighting
 + Level 9.1 Axes
 + Level 6.0 Armour
 + Level 0.9 Dodging
 + Level 1.0 Stealth
 + Level 6.0 Shields


You had 7 spell levels left.
You didn't know any spells.
Your spell library contained the following spells:

 Spells                   Type           Power      Damage    Failure   Level
 Slow                     Hex            0%         N/A       100%        1
 Confusing Touch          Hex            0%         N/A       100%        3
 Conjure Flame            Conj/Fire      0%         6-21      100%        3
 Ignite Poison            Fire/Tmut/Pois 0%         N/A       100%        3
 Vampiric Draining        Necr           0%         2d6       100%        3
 Sticky Flame             Conj/Fire      0%         2d3       100%        4


Dungeon Overview and Level Annotations

Branches:
Dungeon (7/15)             Temple (1/1) D:5

Altars:
Cheibriados
Dithmenos
Elyvilon
Fedhas
Gozag
Hepliaklqana
Makhleb
Okawaru
Qazlal
Sif Muna
Trog
Uskayaw
Vehumet
Wu Jian
Yredelemnul
The Shining One

Shops:
D:2 *   D:6 ?


Innate Abilities, Weirdness & Mutations

You have a pair of horns on your head.
You reflexively headbutt those who attack you in melee.


Message History

The orc warrior hits you from afar with a +0 halberd!
* * * LOW HITPOINT WARNING * * *
The orc wizard barely misses you.
You hit the orc wizard but do no damage.
The orc wizard is heavily wounded.
You feel less confused.
The orc warrior hits you from afar with a +0 halberd!
* * * LOW HITPOINT WARNING * * *
The orc wizard hits you but does no damage.
An orc comes into view. It is wielding a +0 whip.
You block the orc warrior's attack.
You feel much better. The orc hits you but does no damage.
The orc warrior hits you from afar with a +0 halberd.
The orc wizard hits you with a +0 dagger.
You slash the orc!
You kill the orc!
You slash the orc wizard!
You kill the orc wizard!
The orc warrior hits you from afar with a +0 halberd!
* * * LOW HITPOINT WARNING * * *
The orc warrior hits you with a +0 halberd.
* * * LOW HITPOINT WARNING * * *
Things that are here:
a +0 whip; a +0 ring mail; an orc corpse You hit the orc warrior.
You headbutt the orc warrior.
The orc warrior is moderately wounded.
You block the orc warrior's attack. x2
You barely miss the orc warrior.
The orc warrior is moderately wounded.
You block the orc warrior's attack.
You completely miss the orc warrior. Your headbutt misses the orc warrior.
The orc warrior is moderately wounded.
The orc warrior hits you with a +0 halberd!
* * * LOW HITPOINT WARNING * * *
You barely miss the orc warrior. Your headbutt misses the orc warrior.
The orc warrior is moderately wounded.
The orc warrior hits you with a +0 halberd.
* * * LOW HITPOINT WARNING * * *
The orc warrior hits you with a +0 halberd!
You die...

.. . .# .# #.. .. #(## .. .## #.#
...#. .# ..# #...######....!#.#
#.# #....#....###o.# #.#
#####.(.#..#..@## #.#
###.............).### #<#
[.........##..###...###.#
.##.####.....## ###.....#######
....# #...### ####........###
...## ##.#..# #######.#####....
.#.####..##.#####...............#
..................#####..########
###...##.#######....# ##.##


You could see an orc warrior.

Vanquished Creatures
  2 water moccasins
  2 ice beasts
  2 centaurs (D:7)
  A phantom (D:6)
  3 necrophages
  2 scorpions
  2 orc priests (D:7)
  An iguana (D:6)
  3 orc wizards (D:7)
  4 gnolls (D:3)
  10 adders
  A shadow imp (D:6)
  A white imp (D:6)
  2 ufetubi (D:6)
  2 worms
  2 dart slugs (D:1)
  16 orcs
  3 bats
  5 endoplasms
  3 giant cockroaches
  5 goblins
  6 hobgoblins
  2 jackals (D:3)
  4 quokkas
  12 ball pythons
  2 frilled lizards
  4 kobolds
  4 rats
106 creatures vanquished.

Notes
Turn   | Place    | Note
-------+----------+-------------------------------------------
     0 | D:1      | nshep25 the Minotaur Fighter began the quest for the Orb.
     0 | D:1      | Reached XP level 1. HP: 19/19 MP: 0/0
   314 | D:1      | Reached XP level 2. HP: 27/27 MP: 1/1
   578 | D:1      | Found a faded altar of an unknown god.
   851 | D:2      | Found Xukega's Assorted Antiques.
   863 | D:2      | Reached XP level 3. HP: 31/33 MP: 2/2
   879 | D:2      | Bought a scroll labelled PAOCUSSUDUYR for 26 gold pieces
   879 | D:2      | Bought a scroll labelled ZISMEI MAMITH for 26 gold pieces
   879 | D:2      | Bought a coppery potion for 23 gold pieces
  1021 | D:2      | Reached skill level 3 in Axes
  1458 | D:3      | Reached XP level 4. HP: 23/41 MP: 3/3
  1909 | D:3      | Found a burning altar of Makhleb.
  1911 | D:3      | Noticed a green death
  1915 | D:3      | Noticed a hellwing
  1915 | D:3      | Noticed a ynoxinul
  2041 | D:4      | Reached skill level 4 in Axes
  2067 | D:4      | Reached XP level 5. HP: 46/47 MP: 4/4
  2914 | D:4      | Found a shimmering blue altar of Sif Muna.
  3050 | D:5      | Entered Level 5 of the Dungeon
  3115 | D:5      | Noticed an ice beast
  3126 | D:5      | Killed an ice beast
  3127 | D:5      | Reached skill level 5 in Axes
  3127 | D:5      | Reached XP level 6. HP: 27/53 MP: 5/5
  3326 | D:5      | Found a staircase to the Ecumenical Temple.
  3353 | Temple   | Entered the Ecumenical Temple
  3449 | Temple   | Became a worshipper of the Shining One
  3519 | D:5      | Found a blossoming altar of Fedhas.
  3760 | D:5      | Reached skill level 5 in Armour
  4027 | D:6      | Reached skill level 6 in Axes
  4028 | D:6      | Reached skill level 5 in Fighting
  4043 | D:6      | Found a stormy altar of Qazlal.
  4066 | D:6      | Found a hide-covered altar of Uskayaw.
  4067 | D:6      | Found an opulent altar of Gozag.
  4198 | D:6      | Noticed a water moccasin
  4206 | D:6      | Killed a water moccasin
  4207 | D:6      | Reached XP level 7. HP: 59/61 MP: 6/6
  4435 | D:6      | Reached skill level 7 in Axes
  4435 | D:6      | Reached skill level 1 in Stealth
  4435 | D:6      | Reached skill level 5 in Shields
  4505 | D:6      | Found Qeicut Uqem's Magic Scroll Emporium.
  4513 | D:6      | Bought a scroll of identify for 26 gold pieces
  4513 | D:6      | Bought a scroll of identify for 26 gold pieces
  4519 | D:6      | Bought a scroll of identify for 26 gold pieces
  4519 | D:6      | Bought a scroll of identify for 26 gold pieces
  4519 | D:6      | Bought a scroll of identify for 26 gold pieces
  4519 | D:6      | Bought a scroll of blinking for 97 gold pieces
  4759 | D:7      | Reached * piety under the Shining One
  4859 | D:7      | Reached skill level 8 in Axes
  4859 | D:7      | Reached XP level 8. HP: 21/69 MP: 7/7
  5252 | D:7      | Reached skill level 9 in Axes
  5361 | D:7      | Slain by an orc warrior

Illustrated notes

Levels and vault maps discovered:
D:1:      zelgadis_glass_arrival_small, layout_loops_ring,
          shapermc_ecumenical_altar_pompeii
D:2:      layout_rooms, serial_shops, shop, chequers_decorated_corner,
          hangedman_abyss_or_decor_lesser_grid, serial_bayou_lake_a
D:3:      layout_basic, makhleb_altar_promises_db
D:4:      layout_basic, led_sif_pool, minmay_snake_closets
D:5:      layout_loops_cross, fedhas_ov_isle_minmay,
          minmay_temple_entry_mini_moons, serial_glass, glass_columns_a,
          glass_columns_a, glass_columns_b, glass_columns_a
D:6:      nicolae_cairo_tiling_large, layout_gridville, minitemple,
          serial_shops, nicolae_shop_advertising_works
          [nicolae_subvault_shop_adworks]
D:7:      layout_rooms
Temple:   zaba_magenta_temple

Skill      XL: |  1  2  3  4  5  6  7  8 |
---------------+-------------------------+-----
Armour         | 4 5 6 |  6.0
Fighting       | 4 5 |  5.7
Shields        | 4 5 6 |  6.0
Axes           | 3 4 5 6 8 9 |  9.1
Stealth        | 1 |  1.0
Dodging        | |  0.9

Action                   |  1- 3 |  4- 6 |  7- 9 || total
-------------------------+-------+-------+-------++-------
Melee: War axe           |    88 |   103 |    76 ||   267
       Headbutt          |     9 |    16 |    28 ||    53
  Use: Scroll            |       |       |     7 ||     7
       Potion            |       |       |     1 ||     1
Armor: Scale mail        |    25 |       |       ||    25
       Chain mail        |    21 |    22 |       ||    43
       Plate armour      |       |    31 |    70 ||   101
Dodge: Dodged            |    34 |    32 |    25 ||    91
Block: Buckler           |    27 |    22 |       ||    49
       Tower shield      |       |     5 |    72 ||    77
